Map: Ephemeron LE

Players

DisK - Winner!

  • Race: Protoss Protoss
  • League: Grandmaster
  • Spawn Location: 11:00

VOD

Have the link to the VOD?

Description

Time

  • Played on: Dec. 8, 2019, 4:29 p.m.
  • Length: 9:45
Show
View Real Time Build Order
Export as new Build Order

DisK Protoss - Winner!

Build Orders: Archon Immortal 

Get SALT Encoding   

  12  0:02  Probe  
  12  0:14  Probe  
  12  0:18  Pylon  
  12  0:26  Probe  
  12  0:37  Gateway  
  12  0:38  Probe (Chrono Boost)  
  12  0:47  Probe (Chrono Boost)  
  12  0:48  Assimilator  
  12  0:52  Probe (Chrono Boost)  
  12  0:56  Assimilator  
  12  1:04  Probe (Chrono Boost)  
  12  1:09  Gateway  
  12  1:13  Probe (Chrono Boost)  
  12  1:19  Probe  
  12  1:25  Cybernetics Core  
  12  1:31  Probe  
  12  1:35  Pylon  
  12  1:43  Probe  
  12  1:55  Probe  
  12  2:01  Sentry, Warp Gate, Stalker  
  12  2:07  Probe  
  12  2:10  Pylon  
  12  2:19  Probe  
  12  2:29  Stalker  
  12  2:31  Stalker  
  12  2:51  Nexus  
  12  2:59  Shield Battery  
  12  3:07  Robotics Facility  
  12  3:08  Probe  
  12  3:20  Forge  
  12  3:21  Probe (Chrono Boost)  
  12  3:27  Pylon  
  12  3:32  Probe (Chrono Boost)  
  12  3:37  Probe (Chrono Boost)  
  12  3:48  Probe (Chrono Boost)  
  12  3:50  Sentry x2  
  12  3:52  Protoss Ground Weapons Level 1 (Chrono Boost)  
  12  3:57  Probe (Chrono Boost)  
  12  4:03  Probe (Chrono Boost)  
  12  4:11  Probe (Chrono Boost)  
  12  4:12  Probe (Chrono Boost), Immortal (Chrono Boost)  
  12  4:17  Probe  
  12  4:18  Probe  
  12  4:24  Phoenix  
  12  4:26  Pylon  
  12  4:30  Probe x2  
  12  4:38  Twilight Council  
  12  4:41  Assimilator  
  12  4:43  Assimilator, Probe x2  
  12  4:51  Immortal  
  12  4:55  Probe  
  12  4:56  Probe  
  12  5:00  Pylon  
  12  5:08  Probe x2  
  12  5:11  Gateway  
  12  5:12  Gateway  
  12  5:20  Templar Archives  
  12  5:21  Charge  
  12  5:23  Probe  
  12  5:25  Probe  
  12  5:34  Observer  
  12  5:35  Pylon  
  12  5:48  Nexus  
  12  5:50  Pylon  
  12  5:55  High Templar x2  
  12  5:58  Protoss Ground Weapons Level 2 (Chrono Boost)  
  12  5:59  Archon  
  12  6:01  Probe x2  
  12  6:13  Gateway, Immortal  
  12  6:15  Gateway  
  12  6:23  Gateway  
  12  6:24  Gateway  
  12  6:28  Probe x2  
  12  6:38  Pylon  
  12  6:39  High Templar  
  12  6:40  High Templar  
  12  6:41  Zealot x2  
  12  6:44  Archon  
  12  6:45  Probe x2  
  12  6:52  Pylon  
  12  6:56  Warp Prism  
  12  6:58  Probe x2  
  12  7:00  Probe  
  12  7:08  High Templar x2  
  12  7:10  Probe  
  12  7:11  Zealot  
  12  7:13  Probe x2  
  12  7:14  Archon  
  12  7:15  Assimilator  
  12  7:16  Assimilator  
  12  7:19  Pylon  
  12  7:24  Pylon  
  12  7:28  Zealot x3  
  12  7:32  Zealot  
  12  7:35  High Templar  
  12  7:36  High Templar  
  12  7:39  Probe x3  
  12  7:40  Archon  
  12  7:42  Photon Cannon  
  12  7:47  Photon Cannon  
  12  7:49  Photon Cannon  
  12  7:54  Probe x2  
  12  7:55  Probe  
  12  8:00  Immortal  
  12  8:15  Zealot x2, High Templar x2  
  12  8:16  Zealot  
  12  8:17  Zealot  
  12  8:19  Archon  
  12  8:22  Zealot x2  
  12  8:26  Pylon  
  12  8:27  Pylon  
  12  8:31  Pylon  
  12  8:32  Photon Cannon  
  12  8:43  Immortal (Chrono Boost)  
  12  8:45  Photon Cannon  
  12  8:47  Shield Battery  
  12  8:49  Zealot, High Templar x2  
  12  8:50  Zealot  
  12  8:53  Archon  
  12  8:58  High Templar x2  
  12  9:02  Archon  
  12  9:05  Nexus  
  12  9:07  Pylon  
  12  9:14  Stargate  
  12  9:22  Robotics Facility  
  12  9:32  Shield Battery  
  12  9:33  Zealot x5  
  12  9:37  High Templar  
  12  9:42  Pylon  
Tags
 
Add a new tag
Caveats
  • Supply blocks, unpowered buildings, or Contaminate may cause inaccurate times.
  • Supply counts are checked every 10 seconds.